 Dungeon Crawl Stone Soup version 0.30-a0-576-g89cddaab80 (webtiles) character file.

Game seed: 11235997962904772298

61 wormed the Shooter (level 3, -8/18 HPs)
             Began as a Spriggan Hunter on Dec 31, 2022.
             Killed from afar by Natasha (9 damage)
             ... with a magic dart
             ... on level 2 of the Dungeon.
             The game lasted 00:01:11 (1347 turns).

wormed the Shooter (Spriggan Hunter)                Turns: 1347, Time: 00:01:12

Health: -8/18      AC:  2    Str:  7    XL:     3   Next: 83%
Magic:  4/4        EV: 18    Int: 10    God:
Gold:   82         SH:  0    Dex: 20    Spells: 2/2 levels left

rFire   . . .      SeeInvis +    a - +0 shortbow
rCold   . . .      Faith    .    (shield currently unavailable)
rNeg    . . .      Spirit   .    c - +0 robe
rPois   .          Reflect  .    (helmet restricted)
rElec   .          Harm     .    (no cloak)
rCorr   .          Rampage  .    (gloves unavailable)
Will    .....                    (boots unavailable)
Stlth   +++                      (no amulet)
HPRegen 0.23/turn                (no ring)
MPRegen 0.09/turn                (no ring)

@: very quick
A: very small, no large weapons, unfitting armour, see invisible, speed 3
a: no special abilities


You were on level 2 of the Dungeon.
You visited 1 branch of the dungeon, and saw 2 of its levels.

You collected 82 gold pieces.

Inventory:

Hand Weapons
 a - a +0 shortbow (weapon)
Armour
 c - a +0 robe (worn)
Scrolls
 b - a scroll of immolation
 d - a scroll of identify {unknown}
 f - a scroll of magic mapping {unknown}
 h - 2 scrolls of enchant weapon {unknown}
 i - a scroll of amnesia {unknown}
 j - a scroll of brand weapon {unknown}
 k - a scroll of blinking {unknown}
 l - a scroll of teleportation {unknown}
Potions
 e - 4 potions of mutation {unknown}
 g - 2 potions of curing {unknown}
 m - 2 potions of magic {unknown}
 n - a potion of invisibility {unknown}
 o - a potion of resistance {unknown}


   Skills:
 + Level 2.0 Fighting
 * Level 4.7 Ranged Weapons
 + Level 3.4 Dodging
 + Level 2.9 Stealth


You had 2 spell levels left.
You didn't know any spells.
Your spell library was empty.

Dungeon Overview and Level Annotations

Branches:
Dungeon (2/15)

Altars:
Ru

Shops:
D:2 [

Annotations:
D:2 Natasha


Innate Abilities, Weirdness & Mutations

You are very small and have problems with some larger weapons.
You are too small for most types of armour.
You have supernaturally acute eyesight. (SInv)
You cover ground extremely quickly. (Speed+++)


Message History

No target in view!
You shoot an arrow. The arrow completely misses Jessica.
You shoot an arrow. The arrow hits Jessica!
You kill Jessica!
Your Fighting skill increases to level 2!
No target in view!
Things that are here:
a +0 club; a +0 robe
o - a fizzy pink potion
Found a stone staircase leading down.
There is a stone staircase leading down here.
Natasha, Servant of Life and Death comes into view.
Natasha hisses angrily.
Natasha stares at you and mumbles some strange words.
The magic dart hits you.
Natasha is nearby!
Natasha is nearby!
Natasha is nearby!
You shoot an arrow. The arrow hits Natasha!
Natasha is heavily wounded.
You shoot an arrow. The arrow closely misses Natasha.
You shoot an arrow. The arrow hits Natasha.
Natasha is almost dead.
Natasha stares at you and mumbles some strange words.
The magic dart hits you.
You are too injured to fight recklessly!
You shoot an arrow. The arrow completely misses Natasha.
Natasha casts a spell at you. The magic dart hits you.
* * * LOW HITPOINT WARNING * * *
Natasha stares at you and mumbles some strange words.
You resist with some effort. Natasha casts a spell at you.
The magic dart hits you.
* * * LOW HITPOINT WARNING * * *
There is a stone staircase leading down here.
Natasha stares at you and mumbles some strange words.
The magic dart hits you!
Ouch! That really hurt!
You die...

#############
###...........#
#...##..#####.#
#.#.###.### #.#
#.........# #.#
#...#.....# #.#
###..#......# #@#
#...#######.# #.#
##.#..#......# #.#
)......#.....# #.#
.............###.#########
.................h.h.....#
..#.##################.###
###.# #.# # #.# #.#


You could see Natasha.

Vanquished Creatures
  Jessica (D:2)
  2 endoplasms (D:1)
  A giant cockroach (D:2)
  3 goblins (D:1)
  2 hobgoblins
  5 kobolds
  2 quokkas
  9 ball pythons
  3 bats (D:1)
  2 frilled lizards
  4 rats
34 creatures vanquished.

Notes
Turn   | Place    | Note
-------+----------+-------------------------------------------
     0 | D:1      | wormed the Spriggan Hunter began the quest for the Orb.
     0 | D:1      | Reached XP level 1. HP: 10/10 MP: 2/2
   284 | D:1      | Reached XP level 2. HP: 15/15 MP: 3/3
   838 | D:2      | Found a sacrificial altar of Ru.
   957 | D:2      | Reached XP level 3. HP: 18/18 MP: 4/4
  1171 | D:2      | Found Qethual's Armour Boutique.
  1272 | D:2      | Noticed Jessica
  1284 | D:2      | Killed Jessica
  1332 | D:2      | Noticed Natasha
  1347 | D:2      | Killed from afar by Natasha

Illustrated notes

Levels and vault maps discovered:
D:1:      minmay_arrival_checkered_box, layout_basic, minmay_misc_feat_ornament
D:2:      layout_basic, basic_altar, serial_shops,
          nicolae_shop_advertising_works [nicolae_subvault_shop_adworks],
          kennysheep_another_room, uniq_jessica, uniq_natasha,
          uniq_crazy_yiuf_cottage

Skill      XL: |  1  2  3 |
---------------+----------+-----
Stealth        | 2 |  2.9
Dodging        | 3 |  3.4
Fighting       | 2 |  2.0
Ranged Weapons | |  4.7

Action                   || total
-------------------------++-------
 Fire: Shortbow          ||    76
Armor: Robe              ||     3
Dodge: Dodged            ||    14

Table legend: (Time is in decaauts)
 A = Elapsed time spent in this place.
 B = Non-inter-level travel time spent in this place.
 C = Inter-level travel time spent in this place.
 D = Time resting spent in this place.
 E = Time spent auto-exploring this place.
 F = Levels seen in this place.
 G = Mean time per level.
                   A        B        C        D        E       F      G
               +--------+--------+--------+--------+--------+-----+--------+
         Total |    882 |    879 |      3 |      0 |    717 |   2 |  441.0 |
       Dungeon |    882 |    879 |      3 |      0 |    717 |   2 |  441.0 |
               +--------+--------+--------+--------+--------+-----+--------+

Top non-repeatable levels by time:
     D:1: 547 daAuts
     D:2: 335 daAuts
